 Dungeon Crawl Stone Soup version 0.31-a0-636-ge1c0e020e0 (webtiles) character file.

Game seed: 16131230224008314925

900 CoinPitGoblin the Grave Robber (level 7, -8/51 HPs)
             Began as a Demonspawn Necromancer on Aug 26, 2023.
             Mangled by a komodo dragon (26 damage)
             ... on level 6 of the Dungeon.
             The game lasted 00:17:51 (4862 turns).

CoinPitGoblin the Grave Robber (DsNe)               Turns: 4862, Time: 00:17:54

Health: -8/51      AC:  7    Str:  8    XL:     7   Next: 79%
Magic:  1/14       EV: 16    Int: 24    God:
Gold:   385        SH:  0    Dex: 19    Spells: 8/16 levels left

rFire   . . .        e - +4 dagger (venom)
rCold   . . .        (no shield)
rNeg    . . .        a - +0 robe
rPois   .            (no helmet)
rElec   .            (no cloak)
rCorr   .            l - +0 pair of gloves "Inloter" {Dex+5}
SInv    .            (no boots)
Will    .....        n - amulet of regeneration
Stlth   ++           i - +4 ring of protection
HPRegen 1.08/turn    f - +6 ring of intelligence
MPRegen 0.14/turn

%: no passive effects
@: animating dead, very slightly contaminated
A: hooves 1, repulsion field 1, foul stench 1, spiny 1
a: no special abilities


You were on level 6 of the Dungeon.
You visited 1 branch of the dungeon, and saw 6 of its levels.

You collected 385 gold pieces.

Inventory:

Hand Weapons
 e - a +4 dagger of venom (weapon)
 t - the +1 trident of Deflation {freeze, Int+3 Dex+5}
   (You found it on level 4 of the Dungeon)

   Int+3:     It affects your intelligence (+3).
   Dex+5:     It affects your dexterity (+5).
Missiles
 o - 3 darts of dispersal
 q - 19 poisoned darts
Armour
 a - a +0 robe (worn)
 l - the +0 pair of gloves "Inloter" (worn) {Dex+5}
   (You acquired it on level 3 of the Dungeon)

   Dex+5:     It affects your dexterity (+5).
Jewellery
 f - a +6 ring of intelligence (right hand)
 i - a +4 ring of protection (left hand)
 n - an amulet of regeneration (around neck)
 s - an amulet of reflection
Wands
 v - a wand of flame (18)
Scrolls
 p - a scroll of brand weapon
 r - a scroll of teleportation
 u - a scroll of fog
Potions
 b - a potion of magic
 c - a potion of might {unknown}
 d - 4 potions of haste
 g - 2 potions of attraction
 h - 2 potions of heal wounds
 j - a potion of mutation
 k - 3 potions of curing
 x - a potion of enlightenment {unknown}


   Skills:
 + Level 2.9 Fighting
 + Level 3.8 Dodging
 - Level 1.7 Stealth
 + Level 5.0 Spellcasting
 + Level 7.3 Necromancy


You had 8 spell levels left.
You knew the following spells:

 Your Spells              Type           Power      Damage    Failure   Level
a - Animate Dead          Necr           41%        N/A       4%          4
q - Vampiric Draining     Necr           41%        2d8       1%          3
w - Necrotise             Necr           100%       1d9       1%          1

Your spell library contained the following spells:

 Spells                   Type           Power      Damage    Failure   Level
 Sting                    Tmut/Pois      24%        1d4       9%          1
 Agony                    Necr           41%        N/A       12%         5
 Blink                    Tloc           12%        N/A       13%         2
 Lesser Beckoning         Tloc           12%        N/A       13%         2
 Momentum Strike          Conj/Tloc      12%        3d8       13%         2
 Poisonous Vapours        Pois/Air       12%        N/A       13%         2
 Olgreb's Toxic Radiance  Pois           6%         N/A       65%         4


Dungeon Overview and Level Annotations

Branches:
Dungeon (6/15)
 Temple: D:4-7

Altars:
Hepliaklqana
Makhleb

Shops:
D:1 =

Annotations:
D:1 2 transporters
D:3 2 transporters
D:4 Sigmund
D:5 1 runed translucent door
D:6 1 transporter, blacky4's ghost, novice KoBr


Innate Abilities, Weirdness & Mutations

You have large cloven feet.
You are surrounded by a mild repulsion field. (EV +2)
You may rarely emit foul miasma when damaged in melee.
You are partially covered in sharp spines.


Message History

Unknown command.
Casting: Animate Dead (dangerous; 4% risk of failure)
Confirm with . or Enter, or press ? or * to list all spells.
Aiming: Vampiric Draining (safe; 1% risk of failure)
Press: ? - help, Shift-Dir - straight line, f - komodo dragon
Aim: a komodo dragon (lightly wounded, very poisoned)
You draw life force from the komodo dragon!
You feel life coursing into your body.
The komodo dragon is struck by your spines.
The komodo dragon misses you.
Casting: Vampiric Draining (safe; 1% risk of failure)
Confirm with . or Enter, or press ? or * to list all spells.
Aiming: Vampiric Draining (safe; 1% risk of failure)
Press: ? - help, Shift-Dir - straight line, f/p - komodo dragon
Aim: a komodo dragon (moderately wounded, very poisoned)
You miscast Vampiric Draining.
You are very lightly contaminated with residual magic.
Nothing appears to happen.
The komodo dragon bites you!
* * * LOW HITPOINT WARNING * * *
Unknown command.
Casting: Vampiric Draining (safe; 1% risk of failure)
Confirm with . or Enter, or press ? or * to list all spells.
Aiming: Vampiric Draining (safe; 1% risk of failure)
Press: ? - help, Shift-Dir - straight line, f/p - komodo dragon
Aim: a komodo dragon (moderately wounded, very poisoned)
You draw life force from the komodo dragon!
You feel life coursing into your body.
The komodo dragon is struck by your spines.
The komodo dragon barely misses you.
Casting: Vampiric Draining (safe; 1% risk of failure)
Confirm with . or Enter, or press ? or * to list all spells.
Okay, then.
You are too injured to fight recklessly!
You hit the komodo dragon.
The komodo dragon looks as sick as possible!
You kick the komodo dragon, but do no damage.
The komodo dragon is severely wounded.
The komodo dragon bites you!!
Ouch! That really hurt!
You die...

#.# #.############
#............#
#.##########.##### #.#
#.....# #Z# #####.#
#.###### #######.#######
Z..............)........
#.##########....@.....##
#.# .......l.....# #.#
###........?.# #.#
#.....)....# #.#
#.^....(...# #.#
####..#.#### ... #..#.#
#..#.#


You could see a komodo dragon (extremely poisoned).

Vanquished Creatures
  A steam dragon (D:6)
  2 black bears
  A scorpion (D:5)
  A jelly (D:6)
  2 orc priests (D:4)
  2 hounds (D:5)
  4 iguanas
  Terence (D:3)
  Natasha (D:2)
  2 orc wizards (D:6)
  6 adders
  A white imp (D:4)
  An ufetubus (D:4)
  3 worms
  3 dart slugs
  12 orcs
  4 ball pythons
  5 bats
  5 endoplasms
  3 giant cockroaches
  8 goblins
  5 hobgoblins
  4 jackals
  3 quokkas
  4 frilled lizards
  8 kobolds
  6 rats
98 creatures vanquished.

Vanquished Creatures (collateral kills)
  An adder (D:4)
  A jackal (D:5)
  A frilled lizard (D:2)
3 creatures vanquished.

Vanquished Creatures (others)
  3 orc zombies (D:6)
  2 adder zombies
  A ball python zombie (D:4)
  An endoplasm zombie (D:4)
  A hobgoblin zombie (D:4)
8 creatures vanquished.

Grand Total: 109 creatures vanquished

Notes
Turn   | Place    | Note
-------+----------+-------------------------------------------
     0 | D:1      | CoinPitGoblin the Demonspawn Necromancer began the quest
                  | for the Orb.
     0 | D:1      | Reached XP level 1. HP: 13/13 MP: 3/3
    10 | D:1      | Found Nietse's Jewellery Shop.
   355 | D:1      | Gained mutation: You are surrounded by a mild repulsion
                  | field. (EV +2) [demonic ancestry]
   355 | D:1      | Reached XP level 2. HP: 19/19 MP: 1/5
   741 | D:2      | Reached skill level 5 in Necromancy
   741 | D:2      | Gained mutation: You may rarely emit foul miasma when
                  | damaged in melee. [demonic ancestry]
   741 | D:2      | Reached XP level 3. HP: 14/24 MP: 5/7
   803 | D:2      | Reached skill level 1 in Fighting
   902 | D:2      | Gained mutation: You have large cloven feet. [demonic
                  | ancestry]
   902 | D:2      | Reached XP level 4. HP: 25/32 MP: 1/8
  1118 | D:2      | Found a faded altar of an unknown god.
  1135 | D:2      | Learned a level 3 spell: Vampiric Draining
  1300 | D:2      | Noticed Natasha
  1310 | D:2      | Killed Natasha
  1646 | D:3      | Identified the +8 spear of the Transmuting Gods {vamp,
                  | Str+2 Int+2}
  1646 | D:3      | Noticed a gnoll sergeant
  1767 | D:3      | Identified a scroll of acquirement
  1767 | D:3      | Acquired the +0 pair of gloves "Inloter" {Dex+5}
  1813 | D:3      | Reached XP level 5. HP: 37/37 MP: 9/9
  1842 | D:3      | Found a transporter.
  1848 | D:3      | Found a transporter.
  1865 | D:3      | Noticed Terence
  1871 | D:3      | Killed Terence
  1937 | D:3      | Learned a level 4 spell: Animate Dead
  2545 | D:4      | Identified the +1 trident of Deflation {freeze, Int+3
                  | Dex+5}
  2553 | D:4      | Found a hazy altar of Hepliaklqana.
  2607 | D:4      | Reached skill level 6 in Necromancy
  2911 | D:4      | Noticed Sigmund
  3062 | D:4      | Reached XP level 6. HP: 44/44 MP: 11/11
  3456 | D:5      | Entered Level 5 of the Dungeon
  3689 | D:5      | Found a runed translucent door.
  3778 | D:5      | Found a burning altar of Makhleb.
  4053 | D:5      | Gained mutation: You are partially covered in sharp spines.
                  | [demonic ancestry]
  4053 | D:5      | Reached XP level 7. HP: 50/50 MP: 6/13
  4603 | D:6      | Noticed a steam dragon
  4616 | D:6      | Killed a steam dragon
  4617 | D:6      | Reached skill level 7 in Necromancy
  4717 | D:6      | Noticed a two-headed ogre
  4717 | D:6      | Noticed a cyclops
  4769 | D:6      | Found a transporter.
  4774 | D:6      | Noticed blacky4's ghost (novice KoBr)
  4842 | D:6      | Reached skill level 5 in Spellcasting
  4853 | D:6      | Noticed a komodo dragon
  4862 | D:6      | Mangled by a komodo dragon

Illustrated notes

Levels and vault maps discovered:
D:1:      spicycebolla_arrival_transporter_tutorial, layout_basic, serial_shops,
          shop, chequers_serial_rivers_micro_c
D:2:      layout_basic, shapermc_ecumenical_altar_totnotflames, minmay_unequal,
          uniq_natasha
D:3:      layout_basic, gammafunk_ghost_gnarly_gnolls, uniq_terence
D:4:      layout_loops_ring, nicolae_overflow_crystal_walls, serial_park_tiny_2,
          minmay_bent, uniq_sigmund
D:5:      layout_loops_ring, mainiacjoe_overflow_large_starburst,
          lightli_church_of_beogh
D:6:      layout_basic, led_sif_pool, gammafunk_ghost_arena,
          lightli_corner_chamber, uniq_crazy_yiuf_cottage

Skill      XL: |  1  2  3  4  5  6  7 |
---------------+----------------------+-----
Necromancy     | 5 6 7 |  7.3
Fighting       | 1 2 |  2.9
Dodging        | 2 3 |  3.8
Spellcasting   | 3 4 5 |  5.0
Stealth        | |  1.7

Action                     |  1- 3 |  4- 6 |  7- 9 || total
---------------------------+-------+-------+-------++-------
  Melee: Club              |     7 |       |       ||     7
         Unarmed           |     1 |       |       ||     1
         Dagger            |     9 |   172 |    32 ||   213
         Kick              |       |    44 |    13 ||    57
         Punch             |       |     4 |       ||     4
   Cast: Necrotise         |    39 |    19 |       ||    58
         Vampiric Draining |       |     7 |     5 ||    12
         Animate Dead      |       |     3 |     2 ||     5
    Use: Potion            |     1 |       |       ||     1
         Scroll            |     2 |    12 |     2 ||    16
   Stab: Sleeping          |       |     9 |       ||     9
         Distracted        |       |     1 |       ||     1
 Armour: Robe              |     3 |    77 |    14 ||    94
  Dodge: Dodged            |    15 |   122 |    26 ||   163

Table legend: (Time is in decaauts)
 A = Elapsed time spent in this place.
 B = Non-inter-level travel time spent in this place.
 C = Inter-level travel time spent in this place.
 D = Time resting spent in this place.
 E = Time spent auto-exploring this place.
 F = Levels seen in this place.
 G = Mean time per level.
                   A        B        C        D        E       F      G
               +--------+--------+--------+--------+--------+-----+--------+
         Total |   4867 |   4528 |    339 |     64 |   3485 |   6 |  811.2 |
       Dungeon |   4867 |   4528 |    339 |     64 |   3485 |   6 |  811.2 |
               +--------+--------+--------+--------+--------+-----+--------+

Top non-repeatable levels by time:
     D:4: 1013 daAuts
     D:2: 970 daAuts
     D:3: 894 daAuts
     D:5: 838 daAuts
     D:1: 680 daAuts
     D:6: 471 daAuts
